 Dungeon Crawl Stone Soup version 0.28-a0-823-gb444dcf96d (webtiles) character file.

Game seed: 3773666062363047702

268376 ders the Devastator (level 20, -3/103 HPs)
             Began as a Gargoyle Earth Elementalist on Nov 9, 2021.
             Was the Champion of Vehumet.
             Killed from afar by a crystal guardian (39 damage)
             ... with a crystal bolt
             ... led by a peacekeeper
             ... on level 3 of the Vaults.
             The game lasted 02:07:18 (57667 turns).

ders the Devastator (Gargoyle Earth Elementalist)  Turns: 57667, Time: 02:07:19

Health: -3/103     AC: 31    Str: 16    XL:     20   Next: 15%
Magic:  37/51      EV: 12    Int: 23    God:    Vehumet [******]
Gold:   1971       SH:  6    Dex: 11    Spells: 17/55 levels left

rFire   . . .      SeeInvis .   W - +8 war axe of Fortitude {holy, Drain rN+ Str+5 Stlth+}
rCold   . . .      Faith    .   f - +2 buckler
rNeg    + + .      Spirit   .   b - +2 robe {Archmagi}
rPois   ∞          Reflect  .   g - +2 helmet of Leaves {Will+}
rElec   +          Harm     .   j - +2 cloak
rCorr   .          Rampage  .   c - +1 pair of gloves
Will    +++..      Archmagi +   x - +2 pair of boots
Stlth   +++.......              A - amulet of regeneration
HPRegen 1.27/turn               z - ring of willpower
MPRegen 0.32/turn               p - ring of magical power

@: flying
A: sickness immunity, AC +15, big wings, negative energy resistance 1,
electricity resistance, torment resistance 1, petrification resistance, weak 1
}: 2/15 runes: decaying, serpentine
a: Renounce Religion


You were on level 3 of the Vaults.
You worshipped Vehumet.
Vehumet was exalted by your worship.
You visited 9 branches of the dungeon, and saw 37 of its levels.

You collected 4257 gold pieces.
You spent 2286 gold pieces at shops.

Inventory:

Hand Weapons
 W - the +8 war axe of Fortitude (weapon) {holy, Drain rN+ Str+5 Stlth+}
   (You found it on level 6 of the Lair of Beasts)

   It has been blessed by the Shining One to cause great damage to the undead
   and demons.
   Str:       It affects your strength (+5).
   rN:        It protects you from negative energy.
   Drain:     It drains your maximum health when unequipped.
   Stlth:     It makes you more stealthy.
Missiles
 y - 570 stones
 O - 2 throwing nets
 S - a boomerang of dispersal (quivered)
Armour
 b - a +2 robe of the Archmagi (worn)
 c - a +1 pair of gloves (worn)
 f - a +2 buckler (worn)
 g - the +2 helmet of Leaves (worn) {Will+}
   (You bought it in a shop on level 1 of the Elven Halls)

   Will:      It increases your willpower.
 j - a +2 cloak (worn)
 x - a +2 pair of boots (worn)
 P - +0 ice dragon scales
Magical Staves
 F - a staff of fire
Jewellery
 i - a ring of protection from fire
 p - a ring of magical power (right hand)
 v - a ring of resist corrosion
 z - a ring of willpower (left hand)
 A - an amulet of regeneration (around neck)
 M - a ring of see invisible
Wands
 s - a wand of acid (5)
 t - a wand of digging (15)
 H - a wand of polymorph (40)
 K - a wand of mindburst (15)
 Q - a wand of flame (30)
 U - a wand of charming (11)
 V - a wand of paralysis (33)
Scrolls
 a - 6 scrolls of blinking
 d - a scroll of holy word
 e - 5 scrolls of magic mapping
 h - 4 scrolls of amnesia
 k - 5 scrolls of brand weapon
 m - 3 scrolls of enchant armour
 B - a scroll of summoning
 C - 8 scrolls of identify
 E - 12 scrolls of teleportation
 I - 2 scrolls of silence
 J - 4 scrolls of enchant weapon
 T - 4 scrolls of fog
 Z - 3 scrolls of fear
Potions
 l - 6 potions of mutation
 n - 6 potions of haste
 o - a potion of cancellation
 q - 2 potions of lignification
 r - 2 potions of invisibility
 u - 4 potions of brilliance
 w - 3 potions of might
 D - a potion of heal wounds
 G - 3 potions of magic
 L - 11 potions of curing
 X - 8 potions of ambrosia
 Y - a potion of resistance


   Skills:
 + Level 4.0 Fighting
 + Level 3.0 Axes
 + Level 4.8 Armour
 + Level 3.3 Dodging
 + Level 4.5 Stealth
 - Level 4.0 Shields
 + Level 0.4 Unarmed Combat
 + Level 18.3 Spellcasting
 + Level 20.2 Conjurations
 + Level 1.7 Hexes
 + Level 1.0 Summonings
 + Level 1.0 Transmutations
 * Level 14.8 Fire Magic
 + Level 19.5 Earth Magic


You had 17 spell levels left.
You knew the following spells:

 Your Spells              Type           Power      Damage    Failure   Level
a - Iron Shot             Conj/Erth      53%        9d10      1%          6
b - Sandblast             Erth           100%       2d20      0%          1
c - Spellforged Servitor  Conj/Summ      40%        N/A       7%          7
d - Orb of Destruction    Conj           53%        9d16      1%          7
e - Blink                 Tloc           62%        N/A       3%          2
f - Starburst             Conj/Fire      50%        6d14      1%          6
g - Stone Arrow           Conj/Erth      100%       3d13      0%          3
h - Fireball              Conj/Fire      50%        3d20      1%          5
i - Apportation           Tloc           62%        N/A       2%          1

Your spell library contained the following spells:

 Spells                   Type           Power      Damage    Failure   Level
 Magic Dart               Conj           100%       1d8       0%          1
 Sticky Flame             Conj/Fire      100%       2d11      0%          4
 Beastly Appendage        Tmut           76%        N/A       1%          1
 Summon Small Mammal      Summ           100%       N/A       1%          1
 Passwall                 Tmut/Erth      66%        N/A       1%          2
 Dazzling Flash           Conj/Hex       100%       N/A       1%          3
 Inner Flame              Hex/Fire       73%        N/A       1%          3
 Mephitic Cloud           Conj/Pois/Air  67%        N/A       1%          3
 Animate Armour           Summ/Erth      100%       N/A       1%          4
 Hailstorm                Conj/Ice       80%        3d16      1%          4
 Iskenderun's Mystic Bla  Conj/Tloc      80%        2d16      1%          4
 Petrify                  Tmut/Erth      80%        N/A       1%          4
 Freezing Cloud           Conj/Ice/Air   33%        6-21      1%          5
 Lehudib's Crystal Spear  Conj/Erth      53%        10d12     1%          8
 Animate Skeleton         Necr           62%        N/A       2%          1
 Call Imp                 Summ           39%        N/A       2%          2
 Wereblood                Tmut           38%        N/A       2%          2
 Tukima's Dance           Hex            43%        N/A       3%          3
 Call Canine Familiar     Summ           39%        N/A       4%          3
 Summon Guardian Golem    Hex/Summ       41%        N/A       4%          3
 Spider Form              Tmut/Pois      35%        N/A       6%          3
 Gell's Gravitas          Tloc           31%        N/A       7%          3
 Lesser Beckoning         Tloc           31%        N/A       7%          3
 Teleport Other           Tloc           31%        N/A       7%          3
 Ignition                 Fire           47%        3d13      10%         8
 Yara's Violent Unravell  Hex/Tmut       20%        3d9       11%         5
 Ice Form                 Ice/Tmut       35%        N/A       19%         4
 Summon Lightning Spire   Summ/Air       35%        N/A       19%         4
 Shatter                  Erth           52%        3d40*     21%         9
 Animate Dead             Necr           15%        N/A       24%         4
 Passage of Golubria      Tloc           31%        N/A       24%         4
 Fire Storm               Conj/Fire      50%        8d13      41%         9
 Metabolic Englaciation   Hex/Ice        18%        N/A       43%         5
 Silence                  Hex/Air        18%        N/A       43%         5
 Alistair's Intoxication  Tmut/Pois      23%        N/A       47%         5
 Manifold Assault         Tloc           31%        N/A       54%         5
 Invisibility             Hex            21%        N/A       87%         6
 Death Channel            Necr           15%        N/A       98%         6
 Dispersal                Tloc           15%        N/A       98%         6
 Simulacrum               Ice/Necr       15%        N/A       98%         6
 Storm Form               Tmut/Air       17%        N/A       100%        7
 Maxwell's Capacitive Co  Air            15%        ∞         100%        8
 Chain Lightning          Conj/Air       40%        3d53      100%        9
 Polar Vortex             Ice            15%        N/A       100%        9
 Statue Form              Tmut/Erth      Unusable   N/A       N/A         6

Dungeon Overview and Level Annotations

Branches:
Dungeon (15/15)            Temple (1/1) D:6            Lair (6/6) D:11
  Swamp (4/4) Lair:2        Snake (4/4) Lair:4        Slime (0/5) Lair:5
    Orc (2/2) D:12            Elf (1/3) Orc:2        Vaults (3/5) D:14
 Depths (1/4) D:15
  Crypt: Vaults:2-3

Altars:
Ashenzari
Cheibriados
Dithmenos
Elyvilon
Fedhas
Gozag
Nemelex Xobeh
Okawaru
Qazlal
Trog
Uskayaw
Vehumet
The Shining One
Jiyva

Shops:
D:2 !   Orc:2 =*[(   Elf:1 [   Snake:1 ==:   Snake:3 ?[

Portals:
Trove: Vaults:1 (give +2 gold dragon scales)

Annotations:
D:6 3 runed translucent doors, iamoutofideas's ghost, novice HOGl
D:7 Dowan
Swamp:3 Roxanne
Snake:1 2 transporters, SirDiesAlot's ghost, adept MiDe
Vaults:2 6 runed translucent doors


Innate Abilities, Weirdness & Mutations

You are immune to sickness and miasma.
Your stone body is resilient. (AC +15)
You are immune to poison.
Your large and strong wings let you fly.
You resist negative energy. (rN+)
You are resistant to electric shocks. (rElec)
You are resistant to unholy torment.
You are immune to petrification.
You are weak. (Str -2)


Message History

A peacekeeper comes into view.
There is an open door here.
Casting: Fireball (safe; 1% risk of failure)
Confirm with . or Enter, or press ? or * to list all spells.
Aiming: Fireball (safe; 1% risk of failure)
Press: ? - help, Shift-Dir - straight line You feel a surge of power!
The fireball explodes!
The fireball engulfs the crystal guardian.
The crystal guardian completely resists.
The fireball engulfs the peacekeeper.
The peacekeeper resists.
The peacekeeper is lightly damaged.
The peacekeeper roars!
The peacekeeper roars a battlecry!
The crystal guardians go into a battle-frenzy!
The crystal guardian fires a crystalline bolt at you.
The crystal bolt misses you.
The crystal guardian fires a crystalline bolt at you.
The crystal bolt burns you!! x2
Casting: Fireball (safe; 1% risk of failure)
Confirm with . or Enter, or press ? or * to list all spells.
Aiming: Orb of Destruction (dangerous; 1% risk of failure)
Press: ? - help, Shift-Dir - straight line, f - peacekeeper
Aim: a peacekeeper You feel a surge of power!
The orb of destruction hits the peacekeeper!!!
You blow up the peacekeeper!
Vehumet accepts your kill.
You feel your power returning.
The crystal guardian fires a crystalline bolt at you.
The crystal bolt burns you!!
The crystal bolt burns you but does no damage.
Casting: Orb of Destruction (dangerous; 1% risk of failure)
Confirm with . or Enter, or press ? or * to list all spells.
Aiming: Orb of Destruction (dangerous; 1% risk of failure)
Press: ? - help, Shift-Dir - straight line, f - crystal guardian
Aim: a crystal guardian (strong)
You feel a surge of power!
The crystal guardian fires a crystalline bolt at you.
The crystal bolt freezes you!!!
You die...

#......# #......# #.†....#
#......#
#++############''###
...#.......#.......########
.#.#...<...#.....#.'.......
...#...#...#.#.#...#.......
.#.....#...>...#@#.#....###
.......#.......#.*°'.......
#)##################9.#.≈≈≈
.....#### ..#.≈≈≈ .....#><#
..# ≈≈≈ ##'###[[# 9.# ≈≈
#....#[.# ... #..[.[..#
.9.9 #....#### ....


You could see a crystal guardian (strong, ally target).

Vanquished Creatures
  Mara (Swamp:3)
  Mlioglotl (Swamp:3)
  Jorgrun (Orc:2)
  A tentacled monstrosity (Swamp:3)
  The ghost of mdk the Devastator, an adept TeCj of Vehumet (Vaults:2)
  2 sphinxes
  A thorn hunter (Swamp:4)
  3 nagarajas (Snake:4)
  A fenstrider witch (Swamp:1)
  3 vault wardens
  2 orc warlords
  3 ghouls (Swamp:2)
  A stone giant (D:15)
  5 ironbound preservers
  3 war gargoyles
  7 dire elephants
  4 bunyips
  A crystal guardian (Vaults:2)
  4 eleionomae
  An ettin (Vaults:2)
  A shambling mangrove (Swamp:4)
  Josephine (D:14)
  A deep elf high priest (Elf:1)
  12 naga warriors
  4 salamander tyrants (Snake:4)
  Erolcha (Orc:1)
  A great orb of eyes (Vaults:2)
  3 ironbound thunderhulks
  6 boulder beetles
  22 hydras
  3 yaktaur captains
  An ogre mage (D:13)
  3 peacekeepers
  6 anacondas
  Erica (D:12)
  2 ironbound frosthearts (Vaults:2)
  10 centaur warriors
  9 two-headed ogres
  5 dancing weapons (Elf:1)
  5 alligators
  20 naga sharpshooters
  The ghost of Ynoky the Cleaver, a novice DsFi of Okawaru (Lair:1)
  6 orc high priests
  2 tengu warriors (D:15)
  9 shock serpents
  2 salamander mystics
  A deep elf knight (Elf:1)
  2 goliath frogs
  6 spriggan druids
  A golden dragon zombie (Vaults:3)
  2 bog bodies
  A deep troll (shapeshifter) (Vaults:2)
  A harpy (shapeshifter) (D:14)
  5 lindwurms
  12 swamp dragons
  4 deep elf archers
  4 wizards
  18 deep trolls
  8 naga ritualists
  A nameless horror (Swamp:1)
  3 ironbound convokers
  5 orc knights
  7 mana vipers
  11 deep elf pyromancers
  17 ugly things
  A necromancer (Vaults:3)
  10 deep elf zephyrmancers
  8 orc sorcerers (Orc:2)
  4 elephants
  A faun (shapeshifter) (Elf:1)
  2 will-o-the-wisps (Swamp:2)
  A manticore (D:15)
  12 salamanders
  6 cyclopes
  6 guardian serpents
  9 vault sentinels
  22 naga magi
  33 black mambas
  23 cane toads
  A gargoyle (D:12)
  5 rime drakes
  11 komodo dragons
  A kobold demonologist (D:14)
  14 yaktaurs
  A tengu conjurer (D:15)
  A queen bee (Lair:6)
  8 hornets
  7 trolls
  Grinder (D:5)
  2 bloated husks
  14 tyrant leeches
  2 polar bears
  9 meliai
  26 slime creatures
  28 blink frogs
  A raiju (shapeshifter) (Vaults:3)
  11 dream sheep
  An air elemental (Elf:1)
  7 spriggans
  A shadow (D:12)
  4 wyverns
  64 yaks
  5 wraiths
  A vampire (D:12)
  2 water elementals (Elf:1)
  5 basilisks
  13 vampire mosquitoes
  5 wargs
  47 nagas
  14 swamp worms
  15 water moccasins
  11 swamp drakes
  A black bear (D:7)
  46 orc warriors
  An ice beast (D:7)
  10 ogres
  30 wolves
  18 centaurs
  2 human skeletons (Vaults:3)
  2 phantoms
  A human zombie (Vaults:3)
  5 kobold brigands
  23 bullfrogs
  An earth elemental (Elf:1)
  A water moccasin zombie (D:5)
  3 gnoll sergeants
  2 scorpions
  A water moccasin skeleton (D:6)
  30 killer bees
  2 electric eels
  5 wights (D:10)
  3 howler monkeys (D:7)
  5 centaur zombies
  3 hounds
  3 bullfrog skeletons (D:6)
  A gnoll shaman (D:7)
  29 orc priests
  A centaur skeleton (D:6)
  34 orc wizards
  4 iguanas
  A scorpion zombie (D:5)
  2 howler monkey zombies
  20 gnolls
  A howler monkey skeleton (D:7)
  11 adders
  2 white imps
  2 ufetubi
  An adder skeleton (D:4)
  3 worms
  4 dart slugs
  90 orcs
  9 ball pythons
  4 bats
  4 endoplasms
  3 giant cockroaches (D:1)
  11 hobgoblins
  4 jackals (D:5)
  14 kobolds
  5 quokkas
  2 frilled lizards (D:3)
  7 goblins
  4 rats
1239 creatures vanquished.

Vanquished Creatures (collateral kills)
  An eleionoma (Swamp:3)
  A great orb of eyes (Vaults:2)
  A yaktaur (Vaults:1)
  A hornet (Swamp:3)
4 creatures vanquished.

Vanquished Creatures (others)
  A swamp drake (Swamp:4)
  2 orcs
  3 foxfires (Swamp:2)
  73 fungi
  128 plants
207 creatures vanquished.

Grand Total: 1450 creatures vanquished

Notes
Turn   | Place    | Note
-------+----------+-------------------------------------------
     0 | D:1      | ders the Gargoyle Earth Elementalist began the quest for
                  | the Orb.
     0 | D:1      | Reached XP level 1. HP: 10/10 MP: 3/3
    24 | D:1      | Reached skill level 1 in Transmutations
   213 | D:1      | Reached XP level 2. HP: 15/15 MP: 1/5
   436 | D:1      | Found a faded altar of an unknown god.
   836 | D:1      | Reached XP level 3. HP: 19/19 MP: 0/6
  1009 | D:1      | Learned a level 3 spell: Stone Arrow
  1847 | D:2      | Reached XP level 4. HP: 24/24 MP: 4/8
  2021 | D:2      | Found Resey's Distillery.
  2332 | D:2      | Found a broken altar of Ashenzari.
  2530 | D:3      | Reached skill level 1 in Conjurations
  2530 | D:3      | Reached skill level 5 in Earth Magic
  2530 | D:3      | Reached XP level 5. HP: 7/28 MP: 1/10
  2815 | D:3      | Found a stormy altar of Qazlal.
  3211 | D:3      | Noticed a phantom
  3218 | D:3      | Killed a phantom
  3219 | D:3      | Reached skill level 2 in Conjurations
  3219 | D:3      | Reached XP level 6. HP: 32/32 MP: 0/12
  4791 | D:4      | Reached XP level 7. HP: 36/36 MP: 14/14
  4963 | D:5      | Entered Level 5 of the Dungeon
  4972 | D:5      | Reached skill level 3 in Conjurations
  4975 | D:5      | Reached skill level 5 in Spellcasting
  4985 | D:5      | Reached skill level 1 in Axes
  5825 | D:5      | Noticed Grinder
  5828 | D:5      | Paralysed by Grinder for 3 turns
  5832 | D:5      | Killed Grinder
  5833 | D:5      | Reached skill level 4 in Conjurations
  5833 | D:5      | Reached XP level 8. HP: 38/42 MP: 16/16
  6448 | D:6      | Reached skill level 5 in Conjurations
  6829 | D:6      | Found a runed translucent gate.
  6829 | D:6      | Noticed iamoutofideas's ghost (novice HOGl)
  6830 | D:6      | Found a runed translucent gate.
  6830 | D:6      | Found a runed translucent gate.
  6830 | D:6      | Found the +3 hat of Pondering {ponderous, Will+ MP+10
                  | Int+5}
  6996 | D:6      | Reached skill level 1 in Fighting
  7206 | D:6      | Found a staircase to the Ecumenical Temple.
  7222 | D:6      | Reached skill level 6 in Conjurations
  7222 | D:6      | Reached XP level 9. HP: 47/47 MP: 13/18
  7300 | Temple   | Entered the Ecumenical Temple
  7328 | Temple   | Became a worshipper of Vehumet
  8198 | D:7      | Reached skill level 7 in Conjurations
  8600 | D:7      | Noticed Dowan
  9061 | D:8      | Reached * piety under Vehumet
  9061 | D:8      | Offered knowledge of Foxfire by Vehumet.
  9062 | D:8      | Reached skill level 8 in Conjurations
  9594 | D:8      | Reached XP level 10. HP: 52/52 MP: 8/21
 10184 | D:9      | Reached skill level 10 in Earth Magic
 10258 | D:9      | Reached skill level 9 in Conjurations
 10274 | D:9      | Offered knowledge of Scorch by Vehumet.
 10637 | D:9      | Reached ** piety under Vehumet
 10688 | D:9      | Noticed a two-headed ogre
 10700 | D:9      | Gained mutation: You are weak. (Str -2) [potion of
                  | mutation]
 11005 | D:9      | Killed a two-headed ogre
 11562 | D:10     | Entered Level 10 of the Dungeon
 12002 | D:10     | Noticed a two-headed ogre
 12007 | D:10     | Killed a two-headed ogre
 12008 | D:10     | Reached skill level 10 in Conjurations
 12008 | D:10     | Reached XP level 11. HP: 20/56 MP: 22/24
 12227 | D:10     | Offered knowledge of Searing Ray by Vehumet.
 12930 | D:11     | Noticed a five-headed hydra
 12930 | D:11     | Noticed a two-headed ogre
 12934 | D:11     | Killed a five-headed hydra
 13017 | D:11     | Noticed a cyclops
 13037 | D:10     | Killed a two-headed ogre
 13038 | D:10     | Reached skill level 11 in Conjurations
 13242 | D:11     | Killed a cyclops
 13294 | D:11     | Found a staircase to the Lair.
 13303 | D:11     | Reached skill level 1 in Armour
 13305 | D:11     | Reached *** piety under Vehumet
 13669 | D:11     | Noticed a two-headed ogre
 13674 | D:11     | Killed a two-headed ogre
 14028 | D:11     | Noticed a centaur warrior
 14047 | D:11     | Killed a centaur warrior
 14294 | D:11     | Reached skill level 12 in Conjurations
 14476 | D:12     | Reached skill level 10 in Spellcasting
 14476 | D:12     | Reached XP level 12. HP: 51/62 MP: 11/26
 14664 | D:12     | Offered knowledge of Sticky Flame by Vehumet.
 14897 | D:12     | Learned a level 4 spell: Sticky Flame
 15242 | D:12     | Noticed a boulder beetle
 15254 | D:12     | Killed a boulder beetle
 15494 | D:12     | Noticed an eight-headed hydra
 15498 | D:12     | Killed an eight-headed hydra
 15502 | D:12     | Reached skill level 1 in Fire Magic
 15655 | D:12     | Noticed a boulder beetle
 15661 | D:12     | Killed a boulder beetle
 15662 | D:12     | Reached skill level 13 in Conjurations
 15844 | D:12     | Reached **** piety under Vehumet
 16019 | Lair:1   | Entered Level 1 of the Lair of Beasts
 16019 | Lair:1   | Noticed a five-headed hydra
 16019 | Lair:1   | Found a transporter.
 16075 | Lair:1   | Killed a five-headed hydra
 16112 | Lair:1   | Noticed Ynoky's ghost (novice DsFi)
 16214 | Lair:1   | Offered knowledge of Inner Flame by Vehumet.
 16295 | Lair:1   | Learned a level 3 spell: Inner Flame
 16596 | Lair:1   | Found a transporter.
 17144 | Lair:1   | Reached XP level 13. HP: 32/68 MP: 22/28
 17384 | Lair:2   | Found a staircase to the Swamp.
 17466 | Lair:2   | Reached skill level 14 in Conjurations
 17743 | Lair:2   | Reached skill level 1 in Hexes
 18886 | Lair:3   | Reached skill level 15 in Earth Magic
 19165 | Lair:3   | Reached ***** piety under Vehumet
 19857 | Lair:4   | Offered knowledge of Lee's Rapid Deconstruction by Vehumet.
 20337 | Lair:4   | Found a staircase to the Snake Pit.
 20890 | Lair:4   | Found a transporter.
 20892 | Lair:4   | Found a transporter.
 21370 | Lair:5   | Found a sparkling altar of Nemelex Xobeh.
 21379 | Lair:5   | Learned a level 2 spell: Blink
 21386 | Lair:5   | Learned a level 6 spell: Starburst
 21409 | Lair:5   | Gained mutation: Your large and strong wings let you fly.
                  | [Gargoyle growth]
 21409 | Lair:5   | Reached XP level 14. HP: 72/74 MP: 19/30
 21788 | Lair:5   | Reached skill level 15 in Conjurations
 22145 | Lair:5   | Found a viscous altar of Jiyva.
 22145 | Lair:5   | Found a staircase to the Slime Pits.
 23039 | Lair:6   | Entered Level 6 of the Lair of Beasts
 24195 | Lair:6   | Identified the +8 war axe of Fortitude {holy, Drain rN+
                  | Str+5 Stlth+}
 24730 | Lair:6   | Reached skill level 5 in Fire Magic
 25190 | Lair:6   | Got Omuir's Volume of Earthen Necromancy
 25198 | Lair:6   | Learned a level 6 spell: Iron Shot
 25224 | Lair:6   | Learned a level 5 spell: Fireball
 26039 | D:12     | Reached XP level 15. HP: 78/78 MP: 9/32
 26548 | D:12     | Found a staircase to the Orcish Mines.
 26964 | Orc:1    | Entered Level 1 of the Orcish Mines
 26968 | Orc:1    | Noticed an orc warlord
 27087 | Orc:1    | Noticed Erica
 27096 | D:12     | Killed an orc warlord
 27164 | Orc:1    | Noticed Erolcha
 27205 | D:12     | Killed Erica
 27205 | D:12     | Reached ****** piety under Vehumet
 27450 | Orc:1    | Killed Erolcha
 27450 | Orc:1    | Offered knowledge of Flame Wave by Vehumet.
 28168 | Orc:2    | Entered Level 2 of the Orcish Mines
 28509 | Orc:2    | Noticed an orc warlord
 28511 | Orc:2    | Paralysed by an orc sorcerer for 7 turns
 28704 | Orc:2    | Reached skill level 16 in Conjurations
 28746 | Orc:2    | Paralysed by an orc sorcerer for 6 turns
 30259 | Orc:2    | Noticed Jorgrun
 30292 | Orc:2    | Killed an orc warlord
 30998 | Orc:2    | Found Xoext's General Store.
 30998 | Orc:2    | Found Zeugha's Jewellery Boutique.
 31004 | Orc:2    | Found Ichila's Antique Armour Shop.
 31004 | Orc:2    | Found Herch's Antique Weapon Shop.
 31019 | Orc:2    | Bought a scroll of blinking for 120 gold pieces
 31131 | Orc:2    | Killed Jorgrun
 31309 | Orc:2    | Offered knowledge of Ozocubu's Refrigeration by Vehumet.
 31438 | Orc:2    | Found a staircase to the Elven Halls.
 32127 | Orc:2    | Bought a pair of embroidered gloves for 225 gold pieces
 32127 | Orc:2    | Bought a runed kite shield for 225 gold pieces
 32147 | Orc:2    | Bought a potion of heal wounds for 80 gold pieces
 32147 | Orc:2    | Bought a potion of curing for 48 gold pieces
 32147 | Orc:2    | Bought a scroll of teleportation for 48 gold pieces
 32246 | Elf:1    | Entered Level 1 of the Elven Halls
 32808 | Elf:1    | Found Vepa's Armour Boutique.
 32813 | Elf:1    | Bought the +2 helmet of Leaves {Will+} for 460 gold pieces
 32872 | Elf:1    | Paralysed by an air elemental for 1 turns
 33021 | Elf:1    | Reached XP level 16. HP: 70/83 MP: 11/34
 33818 | Snake:1  | Entered Level 1 of the Snake Pit
 34226 | Snake:1  | Noticed SirDiesAlot's ghost (adept MiDe)
 34493 | Snake:1  | Reached skill level 15 in Spellcasting
 35104 | Snake:1  | Found a transporter.
 35108 | Snake:1  | Found a transporter.
 35636 | Snake:1  | Found Fuvues's Book Shoppe.
 35636 | Snake:1  | Found Ryucya's Jewellery Boutique.
 35638 | Snake:1  | Found Gaoqon's Jewellery Boutique.
 35646 | Snake:1  | Bought a book of Annihilations for 1080 gold pieces
 36334 | Snake:2  | Reached skill level 17 in Conjurations
 36778 | Snake:2  | Offered knowledge of Conjure Ball Lightning by Vehumet.
 36940 | Snake:2  | Reached skill level 1 in Shields
 38660 | Snake:3  | Reached skill level 10 in Fire Magic
 39108 | Snake:3  | Found Mailijol's Magic Scroll Boutique.
 39113 | Snake:3  | Found Teikechi's Antique Armour Shop.
 39726 | Snake:3  | Reached XP level 17. HP: 88/88 MP: 35/36
 40085 | Snake:4  | Entered Level 4 of the Snake Pit
 40104 | Snake:4  | Offered knowledge of Eringya's Noxious Bog by Vehumet.
 41150 | Snake:4  | Reached skill level 18 in Conjurations
 42409 | Snake:4  | Got a serpentine rune of Zot
 42791 | Swamp:1  | Entered Level 1 of the Swamp
 43072 | Swamp:1  | Offered knowledge of Spellforged Servitor by Vehumet.
 43081 | Swamp:1  | Learned a level 7 spell: Spellforged Servitor
 44096 | Lair:1   | Killed Ynoky's ghost
 44703 | Swamp:2  | Reached XP level 18. HP: 92/92 MP: 38/38
 46120 | Swamp:3  | Noticed Mara
 46124 | Swamp:3  | Noticed ders's illusion
 46125 | Swamp:3  | Killed Mara
 46129 | Swamp:3  | Noticed Mlioglotl
 46135 | Swamp:3  | Killed Mlioglotl
 46766 | Swamp:3  | Identified Roxanne's Grimoire of Clay
 46766 | Swamp:3  | Noticed Roxanne
 47046 | Swamp:4  | Entered Level 4 of the Swamp
 47208 | Swamp:4  | Noticed a tentacled monstrosity
 47220 | Swamp:3  | Killed a tentacled monstrosity
 47723 | Swamp:4  | Learned a level 1 spell: Apportation
 47977 | Swamp:4  | Offered knowledge of Orb of Destruction by Vehumet.
 48154 | Swamp:4  | Reached skill level 19 in Conjurations
 48809 | Swamp:4  | Got a decaying rune of Zot
 50432 | D:14     | Found a radiant altar of Vehumet.
 50991 | D:14     | Reached XP level 19. HP: 69/96 MP: 27/40
 51499 | D:14     | Noticed Josephine
 51503 | D:14     | Killed Josephine
 51635 | D:14     | Found a gate to the Vaults.
 51880 | D:15     | Entered Level 15 of the Dungeon
 52471 | D:15     | Found a staircase to the Depths.
 52760 | Depths:1 | Entered Level 1 of the Depths
 52772 | D:15     | Learned a level 7 spell: Orb of Destruction
 52839 | Vaults:1 | Entered Level 1 of the Vaults
 52839 | Vaults:1 | Found a portal to a secret trove of treasure.
 53632 | Vaults:1 | Identified the +5 war axe of Okawaru's Pride {antimagic,
                  | Str+4 Dex+4}
 55670 | Vaults:2 | Reached skill level 20 in Conjurations
 55703 | Vaults:2 | Reached skill level 1 in Summonings
 56522 | Vaults:2 | Found a large runed translucent door.
 56522 | Vaults:2 | Found a large runed translucent door.
 56522 | Vaults:2 | Found a large runed translucent door.
 56522 | Vaults:2 | Found a large runed translucent door.
 56522 | Vaults:2 | Found a large runed translucent door.
 56522 | Vaults:2 | Found a large runed translucent door.
 56522 | Vaults:2 | Found a large runed translucent door.
 56522 | Vaults:2 | Found a large runed translucent door.
 56522 | Vaults:2 | Noticed mdk's ghost (adept TeCj)
 56609 | Vaults:2 | Killed mdk's ghost
 56693 | Vaults:2 | Identified the amulet of Puog {Acrobat Rampage rElec}
 56979 | Vaults:3 | Reached XP level 20. HP: 96/103 MP: 33/42
 57667 | Vaults:3 | Killed from afar by a crystal guardian

Illustrated notes

Levels and vault maps discovered:
D:1:      dpeg_arrival_erosion, layout_loops_ring, basic_ecumenical_altar
D:2:      layout_loops_ring, basic_altar, serial_shops, shop,
          minmay_pentomino_s4
D:3:      layout_loops_ring, mainiacjoe_overflow_paths, minmay_strange_pillars,
          minmay_misc_feat_enclosed, chequers_serial_rivers_micro_e,
          minmay_misc_feat_ornament
D:4:      layout_basic, due_unseen_surprise
D:5:      layout_rooms, lightli_minifort, uniq_grinder
D:6:      layout_loops_ring, minmay_temple_entry_water_ring,
          ebering_ghost_rock_garden, kennysheep_diamond
D:7:      layout_loops_ring, uniq_duvessa
D:8:      layout_rooms
D:9:      layout_loops_ring, ebering_dispersal_statue_hall
D:10:     layout_loops_cross
D:11:     layout_roguey, grunt_lair_entry_orc_guard_hut
D:12:     layout_loops_corners, david_orc_1_choice, billiards_dpeg
D:13:     layout_loops_ring
D:14:     layout_basic, hangedman_vaults_entry_quadrant_bands,
          vehumet_altar_wand_db, uniq_josephine
D:15:     grunt_enter_depths_snipers, layout_gridville,
          hangedman_decor_peaks_small, minmay_diced_spiral
Temple:   nicolae_temple_the_god_donut
Lair:1:   beast_lair_carwin_large_3, layout_hall_layers, nzn_ghost_randoct,
          minivault_11, nicolae_quartered_pool_super
Lair:2:   layout_concentric_octagons, swamp_mist, grunt_megastairs_3,
          serial_bayou_shore_b
Lair:3:   layout_regular_city, minivault_25, serial_bayou_shore_a,
          lemuel_fruit_fields
Lair:4:   gammafunk_boulding_lane, layout_regular_city, dummy_snake_entry
Lair:5:   layout_concentric_octagons, slime_altar_1, lemuel_altar_in_water2,
          lemuel_fruit_tree, grunt_megastairs_2
Lair:6:   minmay_lair_end_frog_pond, layout_small_grid, special_room
          [special_room_bee]
Swamp:1:  nicolae_swamp_ascending_descending_big, layout_basic_swamp,
          evilmike_swamp_ruin_house_4, swamp_pool4, st_swamp_ruins_2
Swamp:2:  layout_basic_swamp, evilmike_swamp_ruin_house_2
Swamp:3:  layout_basic_swamp, evilmike_swamp_ruin_rubble_2,
          infiniplex_staircase_pool, uniq_mara, uniq_mlioglotl, uniq_roxanne
Swamp:4:  swamp, layout_basic_swamp, infiniplex_staircase_pool_2
Snake:1:  layout_chambers, gammafunk_ghost_arena, minmay_shop_grove
Snake:2:  layout_grid_maze, grunt_megastairs_5
Snake:3:  layout_basic, nrook_guardian_serpent_ordinary, minmay_shoptagon
Snake:4:  snake_pit, layout_cave_town
Orc:1:    layout_diamond_mine, guppyfry_library_mini, uniq_erica, uniq_erolcha
Orc:2:    st_orc_congregation, layout_diamond_mine, uniq_jorgrun
Elf:1:    eino_elf_arrival_shootout, layout_loops_corners, serial_shops,
          shop_fountains, evilmike_minifort, lemuel_upstairs_altar
Vaults:1: vaults_dpeg_diagonal, ontoclasm_vaults_chip,
          nicolae_vaults_diagonal_hallway_8, v_misc_12, ontoclasm_vaults_twist,
          grunt_vaults_hallway_short, layout_vaults_big_room,
          nicolae_trove_entry_free_sample
Vaults:2: advil_vaults_ghost_lines, v_misc_3, vaults_room_door_ring,
          vaults_room_pool, vaults_room_stairs_pillars, v_alt_pattern_1,
          ontoclasm_vaults_claustrophobia, v_misc_15, vaults_dpeg_ring,
          hangedman_vaults_slice, layout_vaults_omnigrid
Vaults:3: hellmonk_ghost_big_iron, vaults_dpeg_spiral,
          ontoclasm_vaults_ligature, v_misc_14, nicolae_vaults_sealed_display,
          ontoclasm_vaults_loading_screen, nicolae_vaults_yaktaur_gun_rack,
          vaults_room_ringed_pool, hangedman_vaults_cutoff,
          blue_anna_dwarven_crypt, vaults_room_grunt_arrival_ludios,
          vaults_room_door_hall, vaults_dpeg_cross, layout_vaults_maze,
          serial_shops, shop
Depths:1: layout_cave_shapes, dk_noncrumbling_2, hell_entry,
          serial_bayou_lagoon_b, infiniplex_staircase_pool_lava, firewood_loft

Skill      XL: |  1  2  3  4  5  6  7  8  9 10 11 12 13 14 15 16 17 18 19 20 |
---------------+-------------------------------------------------------------+-----
Transmutations | 1 |  1.0
Earth Magic    | 4 5 6 7 8 9 11 13 14 15 16 17 18 19 | 19.5
Spellcasting   | 3 4 5 6 7 9 10 11 12 13 14 15 16 17 18 | 18.3
Conjurations   | 1 2 4 6 8 10 12 13 14 15 16 17 18 19 20 | 20.2
Axes           | 1 2 3 |  3.0
Fighting       | 1 2 3 4 |  4.0
Armour         | 2 3 4 |  4.8
Fire Magic     | 1 2 5 8 10 12 13 14 | 14.8
Hexes          | 1 |  1.7
Stealth        | 3 4 |  4.5
Shields        | 1 2 4 |  4.0
Dodging        | 2 3 |  3.3
Summonings     | 1 |  1.0
Unarmed Combat | |  0.4

Action                   |  1- 3 |  4- 6 |  7- 9 | 10-12 | 13-15 | 16-18 | 19-21 || total
-------------------------+-------+-------+-------+-------+-------+-------+-------++-------
Melee: Unarmed           |    43 |       |       |       |       |       |       ||    43
       Hand axe          |       |    36 |    16 |     4 |    17 |       |       ||    73
       War axe           |       |       |       |       |    21 |     9 |     7 ||    37
Throw: Boomerang         |       |       |       |       |     2 |       |       ||     2
 Cast: Sandblast         |    41 |    49 |    33 |    46 |   116 |    29 |    21 ||   335
       Stone Arrow       |     1 |    12 |   142 |   293 |   373 |     4 |       ||   825
       Sticky Flame      |       |       |       |     9 |    11 |       |       ||    20
       Inner Flame       |       |       |       |     6 |    22 |       |       ||    28
       Starburst         |       |       |       |       |    59 |    28 |    19 ||   106
       Iron Shot         |       |       |       |       |   114 |   237 |   101 ||   452
       Fireball          |       |       |       |       |   147 |   417 |   130 ||   694
       Spellforged Servi |       |       |       |       |       |     4 |     7 ||    11
       Orb of Destructio |       |       |       |       |       |       |    21 ||    21
  Use: Potion            |     1 |       |     1 |     4 |     4 |     2 |     1 ||    13
       Scroll            |       |     5 |    11 |     7 |    11 |     4 |     2 ||    40
 Stab: Sleeping          |       |     1 |       |       |       |       |       ||     1
Armor: Robe              |    20 |    18 |    35 |    29 |     1 |   168 |    79 ||   350
       Troll leather arm |       |       |       |    95 |   203 |       |       ||   298
Dodge: Dodged            |    31 |    34 |    67 |   118 |   207 |   108 |    65 ||   630
Block: Kite shield       |       |       |       |       |     1 |    49 |       ||    50
       Buckler           |       |       |       |       |       |    27 |    45 ||    72

Table legend: (Time is in decaauts)
 A = Elapsed time spent in this place.
 B = Non-inter-level travel time spent in this place.
 C = Inter-level travel time spent in this place.
 D = Time resting spent in this place.
 E = Time spent auto-exploring this place.
 F = Levels seen in this place.
 G = Mean time per level.
                   A        B        C        D        E       F      G
               +--------+--------+--------+--------+--------+-----+--------+
         Total |  57803 |  54423 |   3380 |  27527 |  20018 |  37 | 1562.2 |
       Dungeon |  21731 |  20473 |   1258 |   9376 |   8680 |  15 | 1448.7 |
        Temple |     43 |     22 |     21 |      0 |      6 |   1 |   43.0 |
          Lair |  10853 |  10072 |    781 |   4869 |   3849 |   6 | 1808.8 |
         Swamp |   5578 |   5315 |    263 |   2891 |   1770 |   4 | 1394.5 |
     Snake Pit |   8930 |   8589 |    341 |   4545 |   3091 |   4 | 2232.5 |
  Orcish Mines |   4968 |   4339 |    629 |   2915 |    757 |   2 | 2484.0 |
   Elven Halls |   1235 |   1226 |      9 |    774 |    228 |   1 | 1235.0 |
        Vaults |   4460 |   4384 |     76 |   2157 |   1637 |   3 | 1486.7 |
        Depths |      1 |      1 |      0 |      0 |      0 |   1 |    1.0 |
               +--------+--------+--------+--------+--------+-----+--------+

Top non-repeatable levels by time:
    D:12: 3214 daAuts
   Orc:2: 2947 daAuts
 Snake:2: 2705 daAuts
Vaults:2: 2599 daAuts
 Snake:1: 2390 daAuts
  Lair:6: 2316 daAuts
 Snake:3: 2301 daAuts
   Orc:1: 2020 daAuts
    D:14: 1975 daAuts
  Lair:4: 1948 daAuts
 Swamp:3: 1912 daAuts
  Lair:5: 1870 daAuts
  Lair:2: 1836 daAuts
 Swamp:1: 1685 daAuts
     D:6: 1621 daAuts
